 Dungeon Crawl Stone Soup version 0.31-a0-819-gf6de2f5ab6 (webtiles) character file.

Game seed: 4274678960463003132

175 qw the Shooter (level 5, 0/33 HPs)
             Began as a Gargoyle Hunter on Sept 23, 2023.
             Slain by Pargi (3 damage)
             ... on level 3 of the Dungeon.
             The game lasted 00:01:02 (2387 turns).

qw the Shooter (Gargoyle Hunter)                    Turns: 2387, Time: 00:01:03

Health: 0/33       AC:  9    Str: 13    XL:     5   Next: 55%
Magic:  5/5        EV: 10    Int:  7    God:
Gold:   187        SH:  0    Dex: 15    Spells: 4/4 levels left

rFire   . . .        Y - +0 shortbow
rCold   . . .        (shield currently unavailable)
rNeg    + + .        b - +0 ring mail
rPois   inf          (no helmet)
rElec   +            (no cloak)
rCorr   .            (no gloves)
SInv    .            (no boots)
Will    .....        (no amulet)
Stlth   +            f - ring of positive energy
HPRegen 0.25/turn    (no ring)
MPRegen 0.09/turn

%: no passive effects
@: no status effects
A: sickness immunity, AC +4, negative energy resistance 1, electricity
resistance, torment resistance 1, petrification resistance, talons 1, dopey 1,
weak 1
a: no special abilities


You were on level 3 of the Dungeon.
You visited 1 branch of the dungeon, and saw 4 of its levels.

You collected 187 gold pieces.


Innate Abilities, Weirdness & Mutations

You are immune to sickness and miasma.
Your stone body is resilient. (AC +4)
You are immune to poison.
You resist negative energy. (rN+)
You are resistant to electric shocks. (rElec)
You are resistant to unholy torment.
You are immune to petrification.
You have sharp toenails.
You are dopey. (Int -2)
You are weak. (Str -2)


   Skills:
 - Level 3.6 Fighting
 - Level 6.0 Ranged Weapons
 + Level 0.2 Armour
 - Level 1.5 Dodging
 - Level 1.1 Stealth


You had 4 spell levels left.
You didn't know any spells.
Your spell library was empty.

Inventory:

Hand Weapons
 Y - a +0 shortbow (weapon)
Armour
 b - a +0 ring mail (worn)
Jewellery
 f - a ring of positive energy (left hand)
Scrolls
 i - a scroll of identify
Potions
 d - a potion of curing
 e - a potion of enlightenment
 h - a potion of mutation
 k - a potion of invisibility {unknown}

Dungeon Overview and Level Annotations

Branches:
Dungeon (4/15)
 Temple: D:4-7

Altars:
Nemelex Xobeh

Annotations:
D:3 Pargi


Message History

Pargi bites you but does no damage. Pargi closely misses you.
Pargi claws you but does no damage. The orc closely misses you.
You shoot an arrow. The arrow closely misses Pargi.
Pargi bites you. Pargi claws you but does no damage. x2
The orc closely misses you. Pargi bites you.
Pargi claws you but does no damage. Pargi claws you.
The orc hits you but does no damage.
You shoot an arrow. The arrow barely misses Pargi.
Pargi barely misses you. x2; Pargi claws you but does no damage.
The orc barely misses you.
You shoot an arrow. The arrow hits Pargi.
Pargi is moderately wounded.
Pargi bites you but does no damage. Pargi claws you but does no damage.
Pargi misses you. The orc hits you but does no damage.
You shoot an arrow. The arrow closely misses Pargi.
Pargi bites you but does no damage. Pargi claws you but does no damage. x2
The orc hits you but does no damage.
You shoot an arrow. The arrow hits Pargi.
Pargi is moderately wounded.
Pargi barely misses you. Pargi closely misses you.
Pargi claws you but does no damage. The orc barely misses you.
You shoot an arrow.
The arrow hits Pargi but does no damage.
Pargi is moderately wounded.
Pargi bites you.
Pargi claws you but does no damage. x2; The orc misses you.
Pargi misses you. Pargi claws you but does no damage.
Pargi completely misses you. The orc hits you with a +0 whip.
You shoot an arrow. The arrow hits Pargi!
Pargi is heavily wounded.
Pargi barely misses you. Pargi closely misses you. x2
The orc barely misses you.
You shoot an arrow. The arrow misses Pargi.
Pargi barely misses you. Pargi claws you but does no damage. Pargi claws you.
The orc barely misses you.
You shoot an arrow. The arrow barely misses Pargi.
Pargi closely misses you. Pargi barely misses you. Pargi claws you.
The orc barely misses you.
You shoot an arrow. The arrow hits Pargi.
Pargi is severely wounded.
Pargi bites you. Pargi claws you. x2
You die...

########.######...#......#...#.
########.######..###....###..#.
#########......##...#......#...#.
.........!......#..###.....#.....
................#.#####...###....
................#.##(##..##.##.#.
................#.##.##...#.#..#.
...............)T.##.##..##.##.#.
................@..#.#....#.#....
...#.%...........o.#.#....#.#....
...#......)........#..#..#..#..#.
..............##'..#...##...#....
####..........##...#...##...#..#.
####.........)##...#..#..#..#..#.
..##>.........)....#.#....#.#....
..##..........##...##......##...#
..##..........#....#........#..##


You could see Pargi and an orc.

Vanquished Creatures
  4 gnolls (D:3)
  7 adders (D:3)
  3 worms
  A dart slug (D:2)
  6 orcs (D:3)
  5 endoplasms
  2 giant cockroaches
  8 goblins
  5 hobgoblins
  2 jackals (D:1)
  3 quokkas
  4 ball pythons
  3 bats
  3 frilled lizards
  3 kobolds
  2 rats (D:2)
61 creatures vanquished.

Notes
Turn   | Place    | Note
-------+----------+-------------------------------------------
     0 | D:1      | qw the Gargoyle Hunter began the quest for the Orb.
     0 | D:1      | Reached XP level 1. HP: 12/12 MP: 1/1
     0 | D:1      | 0 ||| qw: Version: 0.3-a-83-gcd0e7d8
     0 | D:1      | 0 ||| qw: Game counter: 1422
     0 | D:1      | 0 ||| qw: Melee chars always use a shield: true
     0 | D:1      | 0 ||| qw: God list: Okawaru
     0 | D:1      | 0 ||| qw: Allow faded altars: false
     0 | D:1      | 0 ||| qw: Do Orc after clearing Dungeon:15 true
     0 | D:1      | 0 ||| qw: Do second Lair branch before Depths: true
     0 | D:1      | 0 ||| qw: Lair rune preference: random
     0 | D:1      | 0 ||| qw: Goals: Normal
     0 | D:1      | 0 ||| PLANNING D:1-11
    75 | D:1      | Reached XP level 2. HP: 17/17 MP: 2/2
   557 | D:1      | 557 ||| UPGRADING to ring of positive energy.
   558 | D:1      | 558 ||| READING 2 scrolls labelled YXUOCA TOLEM.
   563 | D:1      | 563 ||| READING scroll labelled FIUMOECACZES.
   564 | D:1      | 564 ||| READING scroll labelled CUEHORI LIM XENA.
   573 | D:1      | 573 ||| READING scroll labelled YKHUIF KEMISCH.
   574 | D:1      | 574 ||| DRINKING 2 blue potions.
   574 | D:1      | Gained mutation: You have sharp toenails. [potion of
                  | mutation]
   574 | D:1      | Gained mutation: You are weak. (Str -2) [potion of
                  | mutation]
   574 | D:1      | Gained mutation: You are dopey. (Int -2) [potion of
                  | mutation]
   575 | D:1      | 575 ||| DROPPING scroll of butterflies.
   664 | D:2      | HP: 3/17 [worm (3)]
   665 | D:2      | 665 ||| READING scroll of teleportation.
   666 | D:2      | HP: 1/17 [worm (2)]
   750 | D:2      | Reached XP level 3. HP: 11/21 MP: 3/3
   817 | D:2      | Reached skill level 5 in Ranged Weapons
  1401 | D:2      | 1401 ||| READING scroll labelled WAUFUN COUFAE.
  1402 | D:2      | 1402 ||| READING scroll labelled NAKUARU EQAXTY.
  1403 | D:2      | 1403 ||| DRINKING 2 white potions.
  1404 | D:2      | 1404 ||| READING 2 scrolls of identify.
  1404 | D:2      | 1404 ||| IDENTIFYING dark potion
  1405 | D:2      | 1405 ||| DROPPING potion of attraction.
  1483 | D:3      | Reached skill level 3 in Fighting
  1492 | D:3      | Reached XP level 4. HP: 22/28 MP: 4/4
  1500 | D:3      | HP: 5/28 [orc/+0 war axe (3)]
  1501 | D:3      | 1501 ||| READING scroll of teleportation.
  1502 | D:3      | HP: 1/28 [gnoll/+0 spear (5)]
  1840 | D:3      | Found a faded altar of an unknown god.
  1852 | D:3      | Reached XP level 5. HP: 32/32 MP: 5/5
  1913 | D:3      | Reached skill level 6 in Ranged Weapons
  2262 | D:3      | Found a sparkling altar of Nemelex Xobeh.
  2336 | D:3      | 2336 ||| UPGRADING to +0 ring mail.
  2346 | D:3      | 2346 ||| DROPPING +0 leather armour.
  2347 | D:3      | 2347 ||| READING scroll labelled ZOSE YTRASIASI.
  2348 | D:3      | 2348 ||| READING scroll labelled ODESKE COEVAY.
  2349 | D:3      | 2349 ||| READING 3 scrolls of identify.
  2349 | D:3      | 2349 ||| IDENTIFYING viscous green potion
  2350 | D:3      | 2350 ||| READING 2 scrolls of identify.
  2350 | D:3      | 2350 ||| IDENTIFYING viscous pink potion
  2351 | D:3      | 2351 ||| DROPPING potion of degeneration.
  2361 | D:4      | Noticed Pargi
  2364 | D:4      | 2364 ||| STAIRDANCE
  2370 | D:4      | 2370 ||| STAIRDANCE
  2387 | D:3      | HP: 5/33 [Pargi (5)]
  2387 | D:3      | Slain by Pargi

Levels and vault maps discovered:
D:1:      dpeg_arrival_fog, layout_basic, chequers_serial_rivers_micro_b
D:2:      layout_loops_ring, st_stairs_4, minmay_tetromino_o4
D:3:      layout_basic, marbit_many_paths,
          hellmonk_ecumenical_altar_pennies_from_heaven, nicolae_half_adder
D:4:      layout_basic, nicolae_overflow_hidden_temple, amethyst_killhole,
          uniq_pargi

Skill      XL: |  1  2  3  4  5 |
---------------+----------------+-----
Ranged Weapons | 5 6 |  6.0
Fighting       | 3 |  3.6
Armour         | |  0.2
Dodging        | |  1.5
Stealth        | |  1.1

Action                     |  1- 3 |  4- 6 || total
---------------------------+-------+-------++-------
   Fire: Shortbow          |   120 |   141 ||   261
    Use: Scroll            |     8 |     5 ||    13
         Potion            |     2 |       ||     2
 Armour: Leather armour    |    27 |    34 ||    61
         Ring mail         |       |    50 ||    50
  Dodge: Dodged            |    38 |    81 ||   119

Table legend:
 A = Non-vault XP
 B = Vault XP
 C = Vault XP percentage of total XP
 D = Non-vault monster count
 E = Vault monster count
 F = Vault count percentage of total count
                 A         B        C        D         E       F
            +---------+---------+-------+---------+---------+-------
      Total |     199 |      52 |  20.7 |      51 |      10 |  16.4
            +---------+---------+-------+---------+---------+-------
        D:1 |      23 |       0 |   0.0 |      13 |       0 |   0.0
        D:2 |      26 |      11 |  29.7 |      12 |       6 |  33.3
        D:3 |     148 |      41 |  21.7 |      25 |       4 |  13.8
        D:4 |       2 |       0 |   0.0 |       1 |       0 |   0.0
            +---------+---------+-------+---------+---------+-------
